 Dungeon Crawl Stone Soup version 0.30.0-20-g3615ddf2f0 (webtiles) character file.

Game seed: 7114343141605948938

24 qw the Shield-Bearer (level 3, -4/23 HPs)
             Began as a Gargoyle Fighter on June 1, 2023.
             Slain by Sigmund
             ... wielding a +0 scythe
              (5 damage)
             ... on level 2 of the Dungeon.
             The game lasted 00:00:20 (824 turns).

qw the Shield-Bearer (Gargoyle Fighter)              Turns: 824, Time: 00:00:21

Health: -4/23      AC: 10    Str: 21    XL:     3   Next: 2%
Magic:  3/3        EV:  9    Int:  8    God:
Gold:   112        SH:  0    Dex:  9    Spells: 2/2 levels left

rFire   . . .        Y - +0 war axe
rCold   . . .        c - +0 buckler
rNeg    + . .        b - +0 scale mail
rPois   inf          (no helmet)
rElec   +            (no cloak)
rCorr   .            (no gloves)
SInv    .            (no boots)
Will    .....        (no amulet) Stlth
                     (no ring)
HPRegen 0.23/turn    (no ring)
MPRegen 0.08/turn

%: no passive effects
@: confused
A: sickness immunity, AC +3, negative energy resistance 1, electricity
resistance, torment resistance 1, petrification resistance
a: no special abilities


You were on level 2 of the Dungeon.
You visited 1 branch of the dungeon, and saw 2 of its levels.

You collected 112 gold pieces.


Innate Abilities, Weirdness & Mutations

You are immune to sickness and miasma.
Your stone body is resilient. (AC +3)
You are immune to poison.
You resist negative energy. (rN+)
You are resistant to electric shocks. (rElec)
You are resistant to unholy torment.
You are immune to petrification.


   Skills:
 - Level 3.2 Fighting
 + Level 3.1 Axes
 - Level 3.2 Armour
 - Level 3.2 Shields


You had 2 spell levels left.
You didn't know any spells.
Your spell library was empty.

Inventory:

Hand Weapons
 h - a +0 whip
 Y - a +0 war axe (weapon)
Armour
 b - a +0 scale mail (worn)
 c - a +0 buckler (worn)
Scrolls
 a - a scroll of enchant weapon {unknown}
 e - a scroll of torment {unknown}
 f - a scroll of amnesia {unknown}
Potions
 d - 2 potions of might
 g - a potion of degeneration {unknown}

Dungeon Overview and Level Annotations

Branches:
Dungeon (2/15)

Altars:

Annotations:
D:2 Sigmund


Message History

You swing at nothing.
You swing at nothing.
Something hits you.
You swing at nothing.
You hear some strange, mumbled words.
You are confused.
You bump into the rock wall.
Something hits you but does no damage.
You bump into the rock wall.
Something hits you but does no damage.
You hit something. Something hits you!
You miss something. Something hits you but does no damage.
You bump into the rock wall.
You hear some strange, mumbled words.
A magic dart appears from out of thin air!
The magic dart hits you.
You feel less confused. Something hits you.
You swing at nothing.
You block something's attack.
You swing at nothing.
You hear some strange, mumbled words.
You are confused.
You bump into the rock wall.
You hear some strange, mumbled words.
Something tries to affect you, but you resist.
You bump into the rock wall.
Something hits you but does no damage.
You bump into the rock wall.
You bump into the rock wall.
You hear some strange, mumbled words.
A puff of flame appears from out of thin air!
The puff of flame hits you.
You bump into the rock wall.
Something hits you!
You bump into the rock wall.
Something hits you.
You die...

#..# #.# #.#.#
#.# #
....#######.##.#
###.#...........#
#...#####.##.....
#... #.# #### #
#... #.#
....#..#####.#
..$....{.@...#
...##.######## #


There were no monsters in sight!

Vanquished Creatures
  An adder (D:2)
  2 bats (D:1)
  2 endoplasms
  A giant cockroach (D:2)
  A goblin (D:1)
  2 jackals (D:1)
  4 frilled lizards (D:1)
  A kobold (D:2)
  A rat (D:1)
15 creatures vanquished.

Notes
Turn   | Place    | Note
-------+----------+-------------------------------------------
     0 | D:1      | qw the Gargoyle Fighter began the quest for the Orb.
     0 | D:1      | Reached XP level 1. HP: 14/14 MP: 1/1
     0 | D:1      | 0 ||| qw: Version: 0.2-a-102-gdf20003
     0 | D:1      | 0 ||| qw: Game counter: 741
     0 | D:1      | 0 ||| qw: Always use a shield: true
     0 | D:1      | 0 ||| qw: God list: Okawaru
     0 | D:1      | 0 ||| qw: Allow faded altars: false
     0 | D:1      | 0 ||| qw: Do Orc after D:15 true
     0 | D:1      | 0 ||| qw: Do second Lair branch before Depths: true
     0 | D:1      | 0 ||| qw: Lair rune preference: random
     0 | D:1      | 0 ||| qw: Plans: Normal, Zot:1-4, Slime:5, God:TSO, Crypt,
                  | Tomb, Pan, Hells, Abyss, Win
     0 | D:1      | 0 ||| PLANNING D:1-11
    71 | D:1      | Found a faded altar of an unknown god.
   256 | D:1      | Reached XP level 2. HP: 19/19 MP: 2/2
   308 | D:1      | 308 ||| DROPPING +0 club.
   658 | D:1      | 658 ||| READING scroll labelled OLOZIRINWAN.
   771 | D:2      | Reached skill level 3 in Axes
   771 | D:2      | Reached XP level 3. HP: 23/23 MP: 3/3
   802 | D:2      | Noticed Sigmund
   803 | D:2      | 803 ||| Stepping ~*~*~tactically~*~*~ (hiding).
   804 | D:2      | 804 ||| Stepping ~*~*~tactically~*~*~ (hiding).
   805 | D:2      | 805 ||| Stepping ~*~*~tactically~*~*~ (hiding).
   823 | D:2      | HP: 1/23 [something (7)]
   824 | D:2      | Slain by Sigmund

Levels and vault maps discovered:
D:1:      dpeg_arrival_chambers_temple_mockup, layout_basic,
          ebering_ecumenical_altar_sacrificial
D:2:      layout_loops_ring, uniq_sigmund

Skill      XL: |  1  2 |
---------------+-------+-----
Axes           | 2 3 |  3.1
Fighting       | |  3.2
Armour         | |  3.2
Shields        | |  3.2

Action                     || total
---------------------------++-------
  Melee: War axe           ||    42
    Use: Scroll            ||     1
 Armour: Scale mail        ||    30
  Dodge: Dodged            ||    19
  Block: Buckler           ||     7

Table legend:
 A = Non-vault XP
 B = Vault XP
 C = Vault XP percentage of total XP
 D = Non-vault monster count
 E = Vault monster count
 F = Vault count percentage of total count
                 A         B        C        D         E       F
            +---------+---------+-------+---------+---------+-------
      Total |      35 |       0 |   0.0 |      15 |       0 |   0.0
            +---------+---------+-------+---------+---------+-------
        D:1 |      17 |       0 |   0.0 |      11 |       0 |   0.0
        D:2 |      18 |       0 |   0.0 |       4 |       0 |   0.0
            +---------+---------+-------+---------+---------+-------
